 Dungeon Crawl Stone Soup version 0.31-a0-702-gf82c85558f (webtiles) character file.

Game seed: 10812826237989947031

458 qw the Shooter (level 7, -9/44 HPs)
             Began as a Gargoyle Hunter on Sept 8, 2023.
             Mangled by Jeremiah
             ... wielding a +2 trident of draining
              (12 damage)
             ... on level 6 of the Dungeon.
             The game lasted 00:01:00 (2158 turns).

qw the Shooter (Gargoyle Hunter)                    Turns: 2158, Time: 00:01:01

Health: -9/44      AC:  7    Str: 15    XL:     7   Next: 6%
Magic:  7/7        EV: 11    Int:  9    God:
Gold:   219        SH:  0    Dex: 15    Spells: 6/6 levels left

rFire   . . .        Y - +1 shortbow
rCold   . . .        (shield currently unavailable)
rNeg    + . .        c - +0 leather armour
rPois   inf          (no helmet)
rElec   +            (no cloak)
rCorr   .            (no gloves)
SInv    +            (no boots)
Will    .....        (no amulet)
Stlth   ++           b - ring of see invisible
HPRegen 0.27/turn    (no ring)
MPRegen 0.10/turn

%: no passive effects
@: about to teleport
A: sickness immunity, AC +4, negative energy resistance 1, electricity
resistance, torment resistance 1, petrification resistance
a: no special abilities


You were on level 6 of the Dungeon.
You visited 1 branch of the dungeon, and saw 5 of its levels.

You collected 219 gold pieces.


Innate Abilities, Weirdness & Mutations

You are immune to sickness and miasma.
Your stone body is resilient. (AC +4)
You are immune to poison.
You resist negative energy. (rN+)
You are resistant to electric shocks. (rElec)
You are resistant to unholy torment.
You are immune to petrification.


   Skills:
 - Level 4.8 Fighting
 - Level 7.1 Ranged Weapons
 + Level 1.5 Dodging
 - Level 1.1 Stealth


You had 6 spell levels left.
You didn't know any spells.
Your spell library was empty.

Inventory:

Hand Weapons
 Y - a +1 shortbow (weapon)
Armour
 c - a +0 leather armour (worn)
Jewellery
 b - a ring of see invisible (left hand)
Scrolls
 a - 2 scrolls of identify
 e - a scroll of teleportation
Potions
 g - a potion of enlightenment
 h - a potion of mutation
 i - a potion of cancellation

Dungeon Overview and Level Annotations

Branches:
Dungeon (6/15)
 Temple: D:4-7

Altars:
Makhleb

Shops:
D:4 =

Annotations:
D:6 Jeremiah


Message History

The butterfly disappears in a burst of colours! x3
The butterfly disappears in a burst of colours!
The butterfly disappears in a burst of colours! x4
The butterfly disappears in a burst of colours!
Jeremiah hops!
The butterfly disappears in a burst of colours!
Jeremiah hops!
The butterfly disappears in a burst of colours! x2
You shoot an arrow. The arrow hits Jeremiah!
Jeremiah is moderately wounded.
The butterfly disappears in a burst of colours!
The butterfly disappears in a burst of colours! x2
The butterfly disappears in a burst of colours!
The butterfly disappears in a burst of colours! x3
The butterfly disappears in a burst of colours!
Jeremiah lets out a twisted cry.
Something smites you!
The butterfly disappears in a burst of colours! x3
You shoot an arrow. The arrow hits Jeremiah.
Jeremiah is heavily wounded.
The butterfly disappears in a burst of colours! x2
The butterfly disappears in a burst of colours! x2
The butterfly disappears in a burst of colours!
The butterfly disappears in a burst of colours!
The butterfly disappears in a burst of colours! x2
The butterfly disappears in a burst of colours!
The butterfly disappears in a burst of colours! x3
Jeremiah hits you from afar with a +2 trident of draining.
You shoot an arrow.
The arrow hits Jeremiah but does no damage.
Jeremiah is heavily wounded.
The butterfly disappears in a burst of colours!
Jeremiah cries, "Fearful master, protect me!"
Something smites you!
2158 ||| READING 2 scrolls of teleportation.
As you read the scroll of teleportation, it crumbles to dust.
You feel strangely unstable.
Jeremiah hits you from afar with a +2 trident of draining!
You die...
Jeremiah asks, "What happened?
Did... did you die?"

.~.~ #.~.~..
#####..~.~._.
#......~.~...~ #!
#......b.?~~~~. #...
#......¤F......~
.....#...b..b~~~¤~~~~.
.......@..b...........
....b..bb.b...........
#...bb.F..............
#..b..bb.b............
b.........>..%........
#.................>...
#.....######..........
#..... ###.#######
..... #.#


You could see Jeremiah and a bullfrog.

Vanquished Creatures
  An ogre (D:4)
  A centaur (D:4)
  A bullfrog (D:3)
  2 scorpions
  5 adders
  3 dart slugs
  3 orcs (D:3)
  5 ball pythons
  6 bats
  3 endoplasms
  7 giant cockroaches
  2 goblins
  5 hobgoblins
  4 jackals (D:3)
  6 kobolds
  4 quokkas
  5 frilled lizards
  6 rats
69 creatures vanquished.

Notes
Turn   | Place    | Note
-------+----------+-------------------------------------------
     0 | D:1      | qw the Gargoyle Hunter began the quest for the Orb.
     0 | D:1      | Reached XP level 1. HP: 12/12 MP: 1/1
     0 | D:1      | 0 ||| qw: Version: 0.3-a-76-g4403597
     0 | D:1      | 0 ||| qw: Game counter: 1020
     0 | D:1      | 0 ||| qw: Melee chars always use a shield: true
     0 | D:1      | 0 ||| qw: God list: Okawaru
     0 | D:1      | 0 ||| qw: Allow faded altars: false
     0 | D:1      | 0 ||| qw: Do Orc after clearing Dungeon:15 true
     0 | D:1      | 0 ||| qw: Do second Lair branch before Depths: true
     0 | D:1      | 0 ||| qw: Lair rune preference: random
     0 | D:1      | 0 ||| qw: Goals: Normal
     0 | D:1      | 0 ||| PLANNING D:1-11
    72 | D:1      | Reached XP level 2. HP: 17/17 MP: 2/2
   496 | D:1      | 496 ||| READING 2 scrolls labelled TILAXA XOCO.
   497 | D:1      | 497 ||| READING 2 scrolls labelled BOIPSA ZEYLAGUW.
   498 | D:1      | 498 ||| DROPPING scroll of butterflies.
   499 | D:1      | 499 ||| DROPPING scroll of noise.
   567 | D:2      | Reached XP level 3. HP: 21/21 MP: 3/3
   611 | D:2      | Reached skill level 5 in Ranged Weapons
   749 | D:2      | Reached skill level 3 in Fighting
   974 | D:2      | Reached XP level 4. HP: 26/28 MP: 4/4
  1023 | D:2      | 1023 ||| READING scroll labelled DENNOU VAILU.
  1026 | D:2      | 1026 ||| READING scroll labelled RIAMIX FUFRENK.
  1027 | D:2      | 1027 ||| READING scroll labelled YLUUNK DYIMP.
  1028 | D:2      | 1028 ||| DRINKING 2 murky puce potions.
  1029 | D:2      | 1029 ||| DRINKING 2 yellow potions.
  1030 | D:2      | 1030 ||| READING 3 scrolls of identify.
  1030 | D:2      | 1030 ||| IDENTIFYING coppery potion
  1031 | D:2      | 1031 ||| READING 2 scrolls of identify.
  1031 | D:2      | 1031 ||| IDENTIFYING fizzy cyan potion
  1032 | D:2      | 1032 ||| DROPPING potion of brilliance.
  1113 | D:3      | Noticed a bullfrog
  1123 | D:3      | HP: 5/28 [bullfrog (6)]
  1124 | D:3      | 1124 ||| DRINKING potion of heal wounds.
  1125 | D:3      | Killed a bullfrog
  1126 | D:3      | Reached skill level 6 in Ranged Weapons
  1126 | D:3      | Reached XP level 5. HP: 31/32 MP: 5/5
  1674 | D:3      | 1674 ||| UPGRADING to ring of see invisible.
  1675 | D:3      | 1675 ||| READING 2 scrolls of identify.
  1675 | D:3      | 1675 ||| IDENTIFYING white potion
  1733 | D:4      | Noticed an ogre
  1740 | D:4      | Killed an ogre
  1741 | D:4      | Reached XP level 6. HP: 22/40 MP: 6/6
  1813 | D:4      | Found Nehirit's Jewellery Shoppe.
  1823 | D:4      | 1823 ||| SHOPLISTING +5 ring of evasion (432 gold, have
                  | 203).
  1823 | D:4      | 1823 ||| SHOPLISTING +6 ring of strength (432 gold, have
                  | 203).
  1823 | D:4      | 1823 ||| SHOPLISTING amulet of reflection (360 gold, have
                  | 203).
  1823 | D:4      | 1823 ||| SHOPLISTING ring of Pyosomau {rPois Str+2 Dex+4}
                  | (475 gold, have 203).
  1823 | D:4      | 1823 ||| SHOPLISTING ring of protection from fire (300
                  | gold, have 203).
  1823 | D:4      | 1823 ||| SHOPLISTING ring of resist corrosion (240 gold,
                  | have 203).
  2065 | D:4      | You fall into a shaft and drop 2 floors!
  2090 | D:6      | Reached skill level 7 in Ranged Weapons
  2090 | D:6      | Reached XP level 7. HP: 36/44 MP: 7/7
  2121 | D:6      | Found a burning altar of Makhleb.
  2123 | D:6      | Noticed Jeremiah
  2135 | D:6      | 2135 ||| READING scroll labelled ORUOHO LOMIQ.
  2157 | D:6      | HP: 3/44 [Jeremiah/divine providence (15)]
  2158 | D:6      | 2158 ||| READING 2 scrolls of teleportation.
  2158 | D:6      | Mangled by Jeremiah

Levels and vault maps discovered:
D:1:      minmay_arrival_checkered_box, layout_rooms
D:2:      layout_basic, grunt_ministairs_12
D:3:      minmay_diamond_boxcup, layout_rooms, chequers_garden
D:4:      layout_basic, serial_shops, nicolae_shop_window_shopping,
          nicolae_stop_n_shop_1, kennysheep_another_room, uniq_menkaure
D:6:      layout_basic, mainiacjoe_overflow_concentric_impassable,
          mainiacjoe_overflow_chevrons, temple_hall, serial_rivers,
          chequers_serial_rivers_small_b, chequers_serial_rivers_micro_a,
          chequers_serial_rivers_large_b, chequers_serial_rivers_large_a,
          dk_vineyard_3, uniq_blork_the_orc, uniq_jeremiah

Skill      XL: |  1  2  3  4  5  6 |
---------------+-------------------+-----
Ranged Weapons | 5 6 7 |  7.1
Fighting       | 3 4 |  4.8
Dodging        | |  1.5
Stealth        | |  1.1

Action                     |  1- 3 |  4- 6 |  7- 9 || total
---------------------------+-------+-------+-------++-------
   Fire: Shortbow          |   117 |   101 |     4 ||   222
    Use: Scroll            |     2 |     6 |     2 ||    10
         Potion            |       |     3 |       ||     3
 Armour: Leather armour    |    31 |    49 |     2 ||    82
  Dodge: Dodged            |    30 |    43 |       ||    73

Table legend:
 A = Non-vault XP
 B = Vault XP
 C = Vault XP percentage of total XP
 D = Non-vault monster count
 E = Vault monster count
 F = Vault count percentage of total count
                 A         B        C        D         E       F
            +---------+---------+-------+---------+---------+-------
      Total |     600 |      55 |   8.4 |      57 |      12 |  17.4
            +---------+---------+-------+---------+---------+-------
        D:1 |      29 |       0 |   0.0 |      15 |       0 |   0.0
        D:2 |      46 |      15 |  24.6 |      20 |       2 |   9.1
        D:3 |     115 |      40 |  25.8 |      16 |      10 |  38.5
        D:4 |     331 |       0 |   0.0 |       5 |       0 |   0.0
        D:6 |      79 |       0 |   0.0 |       1 |       0 |   0.0
            +---------+---------+-------+---------+---------+-------
